Map: Ruins of Seras

Players

GraVe - Winner!

  • Race: Protoss Protoss
  • League: Diamond

wrj

  • Race: Zerg Zerg
  • League: Master

Event: Lycan League Weekly August #2

VOD

Have the link to the VOD?

Description

Time

  • Played on: Aug. 10, 2015, 12:33 p.m.
  • Length: 7:44

All games in this series

Show
View Real Time Build Order
Export as new Build Order

GraVe Protoss - Winner!

Build Orders: Phoenix Opening 

Get SALT Encoding   

  12  0:01  Probe  
  13  0:15  Pylon  
  13  0:18  Probe  
  14  0:33  Probe (Chrono Boost)  
  14  0:35  Gateway  
  16  0:43  Probe (Chrono Boost)  
  16  0:49  Assimilator  
  16  0:50  Probe  
  17  0:59  Pylon  
  17  1:03  Probe (Chrono Boost)  
  18  1:13  Probe (Chrono Boost)  
  19  1:20  Probe  
  19  1:22  Cybernetics Core  
  20  1:45  Nexus  
  20  1:53  Probe (Chrono Boost)  
  21  1:56  Pylon  
  22  2:03  Probe (Chrono Boost)  
  22  2:05  Adept  
  24  2:10  Probe (Chrono Boost)  
  25  2:15  Warp Gate  
  25  2:20  Probe (Chrono Boost)  
  26  2:32  Probe  
  27  2:39  Stargate  
  27  2:41  Gateway  
  27  2:44  Probe (Chrono Boost)  
  28  2:54  Probe (Chrono Boost)  
  28  2:55  Assimilator  
  28  2:57  Probe (Chrono Boost)  
  30  3:01  Assimilator  
  30  3:02  Probe  
  31  3:08  Gateway  
  31  3:13  Zealot  
  31  3:15  Probe (Chrono Boost)  
  35  3:24  Probe (Chrono Boost)  
  35  3:26  Probe (Chrono Boost)  
  36  3:30  Phoenix (Chrono Boost)  
  36  3:32  Probe (Chrono Boost)  
  39  3:34  Probe  
  40  3:43  Probe  
  40  3:46  Probe  
  42  3:52  Pylon  
  42  3:55  Probe, Phoenix (Chrono Boost)  
  43  3:58  Probe  
  44  4:07  Probe, Gateway  
  45  4:12  Phoenix (Chrono Boost)  
  45  4:17  Mothership Core  
  49  4:22  Pylon  
  49  4:30  Gateway  
  49  4:33  Gateway, Pylon  
  49  4:40  Sentry  
  51  4:46  Pylon  
  51  4:53  Adept x2  
  51  4:56  Probe  
  56  5:04  Pylon  
  56  5:06  Adept  
  58  5:07  Adept, Pylon  
  60  5:16  Adept x2  
  64  5:29  Adept x2  
  68  5:46  Stalker  
  68  5:47  Zealot x5  
  78  6:04  Probe x2  
  80  6:08  Stalker x3  
  80  6:09  Stalker  
  80  6:10  Zealot x2  
  90  6:27  Probe  
  89  6:36  Adept x5  
  99  6:58  Pylon  
  99  7:00  Pylon  
  99  7:01  Pylon  
  99  7:04  Pylon  
  99  7:05  Pylon  
  99  7:07  Pylon  
  98  7:35  Stalker x5  
  98  7:36  Stalker  
Show
View Real Time Build Order
Export as new Build Order

wrj Zerg 

Build Orders: Hatch First 

Get SALT Encoding   

  12  0:01  Drone  
  13  0:08  Drone  
  14  0:17  Overlord  
  14  0:21  Extractor  
  14  0:23  Drone  
  15  0:47  Hatchery  
  14  0:50  Drone  
  14  0:55  Drone  
  16  0:58  Drone  
  17  1:15  Spawning Pool  
  17  1:17  Drone  
  17  1:21  Drone  
  18  1:29  Drone, Extractor  
  18  1:33  Drone  
  19  1:44  Drone  
  20  1:51  Extractor  
  19  2:01  Queen x2  
  19  2:03  Drone, Zergling x2  
  19  2:07  Drone  
  26  2:13  Drone  
  27  2:18  Overlord  
  27  2:22  Drone  
  28  2:34  Metabolic Boost  
  28  2:41  Queen  
  28  2:42  Drone x2  
  28  2:44  Drone  
  33  2:49  Drone  
  34  3:05  Zergling x2  
  35  3:07  Hatchery, Zergling x2  
  35  3:11  Drone  
  36  3:14  Overlord  
  36  3:21  Lair  
  36  3:25  Overlord  
  36  3:39  Drone x6  
  41  3:46  Drone x3  
  43  3:52  Drone x3  
  45  3:58  Drone  
  46  4:03  Extractor  
  46  4:04  Extractor  
  46  4:06  Drone x3  
  46  4:08  Drone  
  46  4:09  Drone  
  49  4:17  Extractor  
  48  4:25  Drone x3  
  48  4:29  Spore Crawler, Hydralisk Den  
  48  4:30  Spore Crawler  
  48  4:31  Overlord  
  48  4:36  Overlord  
  48  4:40  Overlord  
  48  4:48  Queen  
  50  4:53  Spore Crawler  
  50  4:56  Drone x2  
  50  4:57  Drone x2, Spore Crawler  
  50  4:59  Drone x2, Spore Crawler  
  53  5:12  Overlord, Drone  
  53  5:13  Drone x4, Lurker Den  
  58  5:17  Overlord  
  58  5:20  Drone x2  
  60  5:25  Overlord  
  60  5:32  Spore Crawler  
  58  5:37  Hydralisk x2  
  58  5:39  Zergling x2  
  62  5:43  Hydralisk  
  62  5:44  Hydralisk  
  62  5:45  Hydralisk  
  62  5:47  Zergling x2  
  67  5:50  Hydralisk  
  66  5:59  Hydralisk x3  
  69  6:05  Zergling x6  
  69  6:08  Hydralisk  
  69  6:11  Hydralisk  
  66  6:20  Hydralisk  
  66  6:21  Hydralisk  

Tags
 
Add a new tag
Caveats
  • Supply blocks, unpowered buildings, or Contaminate may cause inaccurate times.
  • Supply counts are checked every 10 seconds.